 Dungeon Crawl Stone Soup version 0.19.1 (webtiles) character file.

129 truemonolith the Magician (level 4, 0/24 HPs)
             Began as a Deep Elf Conjurer on Dec 16, 2016.
             Slain by Purgy (1 damage)
             ... in a sewer.
             The game lasted 00:05:47 (2886 turns).

truemonolith the Magician (Deep Elf Conjurer)       Turns: 2886, Time: 00:05:48

Health: 0/24       AC:  3    Str:  5    XL:     4   Next: 88%
Magic:  14/14      EV: 13    Int: 21    God:
Gold:   48         SH:  0    Dex: 15    Spells: 2 memorised, 12 levels left

rFire  . . .     SeeInvis .     u - +2 dagger (venom)
rCold  . . .     Gourm    .     a - +1 robe
rNeg   . . .     Faith    .     (no shield)
rPois  .         Spirit   .     (no helmet)
rElec  .         Reflect  .     (no cloak)
rCorr  .         Harm     .     (no gloves)
MR     .....                    (no boots)
Stlth  ++........               (no amulet)
                                (no ring)
                                (no ring)

@: very slightly contaminated
A: no striking features
a: no special abilities


You were in a sewer.
You were not hungry.

You visited 1 branch of the dungeon, and saw 3 of its levels.
You also visited: Sewer.

You collected 48 gold pieces.

Inventory:

Hand Weapons
 f - a +0 dagger of draining
 u - a +2 dagger of venom (weapon)
Armour
 a - a +1 robe (worn)
Jewellery
 d - an uncursed ring of flight
Scrolls
 c - a scroll of teleportation
 g - 3 scrolls of identify
 k - a scroll of immolation
 p - a scroll of amnesia
Potions
 e - 2 potions of berserk rage
 h - a potion of magic
 i - 2 potions of mutation {unknown}
 j - a potion of cure mutation {unknown}
 l - 3 potions of curing {unknown}
 m - a potion of haste {unknown}
 o - a potion of cancellation {unknown}
 v - 2 potions of invisibility {unknown}
Books
 b - a book of Conjurations

   Spells                             Type                      Level
   a - Magic Dart                     Conjuration                  1
   b - Searing Ray                    Conjuration                  2
   c - Dazzling Spray                 Conjuration/Hexes            3
   d - Fulminant Prism                Conjuration/Hexes            4
   e - Iskenderun's Mystic Blast      Conjuration                  4
   f - Iskenderun's Battlesphere      Conjuration/Charms           5
Comestibles
 n - a slice of pizza
 q - 3 fruits
 r - a meat ration
 s - a chunk of flesh
 t - a bread ration


   Skills:
 - Level 2.4 Dodging
 - Level 2.4 Stealth
 - Level 6.6 Spellcasting
 - Level 4.3 Conjurations
 + Level 1.6 Hexes


You had 12 spell levels left.
You knew the following spells:

 Your Spells              Type           Power        Failure   Level  Hunger
a - Magic Dart            Conj           ####         1%          1    None
b - Dazzling Spray        Conj/Hex       ###...       10%         3    #......


Dungeon Overview and Level Annotations

Branches:
Dungeon (3/15)

Altars:
Ashenzari
Makhleb
Vehumet

Annotations:
D:3 aspy's ghost, amateur HOIE Sewer Purgy


Message History

Aim: Purgy (severely wounded)
The magic dart hits Purgy.
Purgy is almost dead.
Purgy bites you!
* * * LOW HITPOINT WARNING * * *
Purgy barely misses you. x2
Casting: Magic Dart
Confirm with . or Enter, or press ? or * to list all spells.
Aiming: Magic Dart
Press: ? - help, Shift-Dir - straight line, f/p - Purgy
Aim: Purgy (almost dead)
The magic dart hits Purgy.
Purgy is almost dead.
Purgy bites you.
* * * LOW HITPOINT WARNING * * *
Purgy misses you. Purgy closely misses you.
Unknown command.
It was a potion of magic.
Magic courses through your body. Purgy closely misses you. Purgy claws you.
You die...

#....≈.### ##≈## ! ##
..≈≈...≈..### #.≈.#
?≈##...≈≈####.≈...###
#.≈.. ##.....
###.....###≈≈..
..≈.≈.# ##.≈≈.≈...≈)#
#≈.≈..###
###...≈.###.≈..
#≈...≈####≈..≈.###
#.≈.. #..≈.≈..≈..###
#.≈.# ###.T@.≈.###
##≈## ######## #≈##
#≈# ###


You could see Purgy.

Vanquished Creatures
  A hound (D:3)
  An adder (D:2)
  An ooze (D:2)
  4 worms
  2 dart slugs (D:1)
  A leopard gecko (D:3)
  7 orcs (D:3)
  4 bats
  9 giant cockroaches
  5 goblins
  5 hobgoblins
  2 jackals (Sewer)
  9 kobolds
  A frilled lizard (D:2)
  7 rats
59 creatures vanquished.

Notes
Turn   | Place    | Note
-------+----------+-------------------------------------------
     0 | D:1      | truemonolith the Deep Elf Conjurer began the quest for the Orb.
     0 | D:1      | Reached XP level 1. HP: 10/10 MP: 6/6
   348 | D:1      | Reached XP level 2. HP: 15/15 MP: 5/8
   381 | D:1      | Reached skill level 4 in Spellcasting
   974 | D:2      | Reached XP level 3. HP: 19/19 MP: 4/11
   979 | D:2      | Reached skill level 5 in Spellcasting
  1074 | D:2      | Learned a level 3 spell: Dazzling Spray
  1515 | D:2      | Found a shattered altar of Ashenzari.
  1516 | D:2      | Found a burning altar of Makhleb.
  2096 | D:3      | Reached XP level 4. HP: 24/24 MP: 5/13
  2200 | D:3      | Found a radiant altar of Vehumet.
  2214 | D:3      | Reached skill level 6 in Spellcasting
  2264 | D:3      | Noticed aspy's ghost (amateur HOIE)
  2709 | D:3      | Reached skill level 1 in Hexes
  2716 | D:3      | Found a glowing drain.
  2738 | Sewer    | Entered a sewer
  2866 | Sewer    | Noticed Purgy
  2885 | Sewer    | HP: 1/24 [Purgy (4)]
  2886 | Sewer    | Slain by Purgy

Skill      XL: |  1  2  3  4 |
---------------+-------------+-----
Spellcasting   | 4 5 6 |  6.6
Hexes          | 1 |  1.6
Dodging        | |  2.4
Stealth        | |  2.4
Conjurations   | |  4.3

Action                   |  1- 3 |  4- 6 || total
-------------------------+-------+-------++-------
Melee: Dagger            |       |     3 ||     3
 Cast: Magic Dart        |    95 |    54 ||   149
       Dazzling Spray    |       |     3 ||     3
  Use: Scroll            |     3 |     6 ||     9
       Potion            |       |     1 ||     1
  Eat: Bread ration      |     1 |       ||     1
       Chunk             |       |     1 ||     1
Armor: Robe              |     4 |     5 ||     9
Dodge: Dodged            |    10 |    30 ||    40
